Cogmind - Beta 14 @@@ ROGUE MODE // 2024.10.14 @ 19:48:05 Player: laeb2 Result: Destroyed by P-70 Sage with Tesla Rifle Performance ------------- Evolutions (5) 2500 Regions Visited (7) 1400 Robots Destroyed (113) 565 Value Destroyed (3880) 3880 Prototype IDs (9) 180 Alien Tech Used (0) 0 Bonus (659) 659 TOTAL SCORE: 9184 Bonus ------- High Alert Combat Kills 159 Entered DSFs 500 Cogmind --------- Core Integrity 0/1000 Matter 285/300 Energy 12/100 System Corruption 11% Temperature Cool (92) Movement Core (800) Ox15 Location -5/Factory Parts ------- > --- POWER (2) -------- (None) > --- PROPULSION (6) --- (None) > --- UTILITY (7) ------ Advanced Heat Sink High-capacity Storage Unit Machine Analyzer Improved Targeting Computer Improved Target Analyzer Advanced Particle Charger > --- WEAPON (2) ------- (None) > --- INVENTORY (20) --- Huge Storage Unit Advanced Signal Interpreter Transport Network Coupler Recoil Nullifier Stasis Canceller Improved Focal Shield Hacking Suite Authchip [R/Combat] Heavy Assault Rifle Shotgun Mini Grenade Launcher Subdweller Shrapnel Launcher Peak State ------------ > --- POWER ------------ Cooled Deuterium Engine Neutrino Core > --- PROPULSION ------- Light Treads Improved Treads Improved Treads Improved Treads Armored Treads Armored Treads > --- UTILITY ---------- Improved Cooling System High-capacity Storage Unit Improved Targeting Computer Improved Light Armor Plating Authchip [R/Combat] Authchip [R/Combat] Authchip [R/Combat] > --- WEAPON ----------- Precision Beam Rifle Heavy Plasma Cannon > --- INVENTORY -------- Improved Ion Engine Compact Wheel Advanced Heat Sink Huge Storage Unit Advanced Signal Interpreter Improved Targeting Computer Stasis Canceller Improved Focal Shield Force Field Hacking Suite Authchip [R/Combat] Particle Gun Particle Gun Precision Beam Rifle Precision Beam Rifle Advanced Beam Rifle Shotgun Shotgun Mini Grenade Launcher Subdweller Shrapnel Launcher [Rating: 61] Favorites ----------- Power Ion Engine Engine Ion Engine Power Core Neutrino Core Reactor Fusion Reactor Propulsion Aluminum Leg Treads Light Treads Leg Aluminum Leg Wheel Compact Wheel Hover Unit Antigrav System Utility Small Storage Unit Device Improved Terrain Scanner Storage Small Storage Unit Processor Improved Targeting Computer Hackware Authchip [R/Combat] Protection Makeshift Light Armor Plating Weapon Small Laser Energy Gun Small Laser Energy Cannon Heavy Plasma Cannon Ballistic Gun Shotgun Ballistic Cannon Assault Cannon Launcher Subdweller Shrapnel Launcher Special Weapon Mining Laser Impact Weapon Mace Build | -11 -10 -10 -8 -7 -7 -6 -5 ------- Run | Yrd Mat Sub Mat Fac DSF Fac Fac Slots Evolved 10 | . . . 4 2 . 2 2 Power 1 | . . . . . . . 1 Propulsion 4 | . . . 2 1 . 1 . Utility 5 | . . . 2 1 . 1 1 Weapon . | . . . . . . . . Parts Attached 112 | 16 14 5 33 2 9 9 24 Power 13 | 1 3 1 2 . . 2 4 Engine 10 | 1 3 1 2 . . 2 1 Core 1 | . . . . . . . 1 Reactor 2 | . . . . . . . 2 Propulsion 36 | 5 6 1 14 1 3 3 3 Treads 27 | 1 3 1 14 1 3 3 1 Leg 7 | 4 3 . . . . . . Wheel 1 | . . . . . . . 1 Hover 1 | . . . . . . . 1 Flight . | . . . . . . . . Utility 30 | 4 2 1 8 1 5 2 7 Device 9 | 2 . . 2 . 1 1 3 Storage 5 | 2 2 . 1 . . . . Processor 4 | . . . . . . 1 3 Hackware 3 | . . . . . 3 . . Protection 9 | . . 1 5 1 1 . 1 Artifact . | . . . . . . . . Weapon 33 | 6 3 2 9 . 1 2 10 Energy Gun 20 | 4 2 1 4 . . 1 8 Energy Cannon 6 | . . . 3 . 1 1 1 Ballistic Gun 1 | . . . . . . . 1 Ballistic Cannon 1 | . . . 1 . . . . Launcher 2 | . . 1 1 . . . . Special Weapon 2 | 2 . . . . . . . Impact Weapon 1 | . 1 . . . . . . Slashing Weapon . | . . . . . . . . Piercing Weapon . | . . . . . . . . Special Melee Weapon . | . . . . . . . . Unidentified Prototypes 9 | . 1 . 4 . . 2 2 Parts Lost 55 | 4 . 2 13 . 5 1 30 Power 7 | . . 1 1 . . . 5 Propulsion 18 | . . . 8 . 1 1 8 Utility 14 | . . . 3 . 4 . 7 Weapon 16 | 4 . 1 1 . . . 10 Highest Loss Streak 12 | 4 . 2 3 . 3 1 12 To Critical Strikes . | . . . . . . . . Average Slot Usage (%) 91 | . 98 99 95 94 92 98 72 Engine 8 | . 14 13 9 7 7 6 2 Treads 25 | . 21 28 33 32 35 38 11 Leg 1 | . 7 . . . . . . Device 8 | . 14 7 11 15 12 6 5 Storage 9 | . 14 14 9 7 7 6 5 Processor 4 | . . . . . . 6 12 Hackware 5 | . . . . . 2 20 10 Protection 4 | . . 6 13 15 10 . 1 Energy Gun 12 | . 19 22 12 . . 4 7 Energy Cannon 2 | . . . 2 15 14 7 2 Launcher 1 | . . 5 2 . . . . Impact Weapon 1 | . 6 . . . . . . Peak Build Rating 61 | 9 11 14 30 32 43 52 61 Average Rating 18 | 7 10 12 21 31 33 50 48 On Entrance 23 | . 5 11 14 30 32 43 52 Naked Turns . | . . . . . . . . Heaviest Build 82 | 15 30 36 67 70 70 66 82 Greatest Support 132 | 20 40 40 80 100 109 132 129 Greatest Overweight (x) 18 | 3 1 . 1 . . . 18 Average Overweight (x) . | . . . . . . . 2 Largest Inventory Capacity 20 | 8 15 15 20 20 20 20 20 Average Capacity 12 | 7 11 15 19 20 20 20 20 Most Carried 20 | 8 15 15 20 20 20 20 20 Average Carried 11 | 6 10 14 17 19 19 19 18 Final Capacity 20 | 8 15 15 20 20 20 20 20 Final Carried 20 | 6 15 15 19 20 20 20 12 Class Distribution -------------------- 68% | Mutant 31% | Scavenger-Mutant Dominant Class ---------------- Mutant | -10/Materials Scavenger-Mutant | -10/Subcaves Scavenger-Mutant | -8/Materials Scavenger-Mutant | -7/Factory Scavenger-Mutant | -7/DSF Mutant | -6/Factory Scavenger-Mutant | -5/Factory Resources | -11 -10 -10 -8 -7 -7 -6 -5 ----------- Run | Yrd Mat Sub Mat Fac DSF Fac Fac Matter Collected 1424 | 340 130 100 435 28 7 138 246 Remotely . | . . . . . . . . Salvage Created 5084 | 145 757 115 1913 40 187 836 1091 Parts 231 | 12 44 6 69 3 16 44 37 Haulers Intercepted 9 | . 2 . 4 1 1 . 1 Recyclers Shooed 6 | . . . 2 . . 1 3 Parts Field Recycled . | . . . . . . . . Retrieved Matter . | . . . . . . . . Parts Self-Destructed 9 | . . 9 . . . . . Prevented . | . . . . . . . . Kills | -11 -10 -10 -8 -7 -7 -6 -5 ------- Run | Yrd Mat Sub Mat Fac DSF Fac Fac Combat Hostiles Destroyed 79 | . 15 3 33 . 2 9 17 Guns 52 | . 15 3 21 . . 3 10 Cannons 17 | . . . 6 . 2 4 5 AOE 4 | . . . 4 . . . . Classes Destroyed 17 | 2 5 1 4 . . 2 3 Worker 6 | . 1 . 3 . . . 2 Builder 3 | . . . . . . 3 . Tunneler 4 | 3 . . 1 . . . . Hauler 9 | . 2 . 4 1 1 . 1 Recycler 5 | 1 1 . 1 . . 2 . Mechanic 2 | . . . . . . . 2 Operator 1 | . . . . . . 1 . Watcher 4 | . 1 . 2 . . 1 . Swarmer 15 | . 3 . 7 . . . 5 Grunt 36 | . 12 . 17 . . 4 3 Sentry 10 | . . . 5 . 1 3 1 Specialist 6 | . . . 2 . 1 2 1 Hunter 3 | . . . 1 . . . 2 Programmer 4 | . . . . . . . 4 Heavy 1 | . . . 1 . . . . Behemoth 1 | . . . . . . . 1 Subdweller 3 | . . 3 . . . . . Best Kill Streak 7 | 4 4 2 6 1 2 7 5 Combat Bots Only 5 | . 3 2 5 . 1 3 5 Max Kills in Single Turn 3 | 1 1 1 2 1 1 3 1 Gunslinging . | . . . . . . . . Exploded 1 | . . . 1 . . . . Melee . | . . . . . . . . Uniques/NPCs Destroyed . | . . . . . . . . Combat | -11 -10 -10 -8 -7 -7 -6 -5 -------- Run | Yrd Mat Sub Mat Fac DSF Fac Fac Hostile Shots Fired 867 | 9 57 20 236 . 140 78 327 Missed 274 | 1 15 7 73 . 67 34 77 Damage Taken 9612 | 319 464 277 2817 . 905 468 4362 Core 1702 | 72 87 64 374 . 57 36 1012 Absorbed by Shields 46 | . . . . . . . 46 Redirected to Shielding 2 | . . . . . 2 . . Regen/Repaired (Parts) 348 | . . . 51 . . . 297 Core Remaining (%) 59 | 71 . 10 32 . 91 95 . Volleys Fired 460 | 107 60 21 125 1 8 29 109 Largest 2 | 2 2 2 2 2 2 2 2 Hottest 158 | 140 96 96 131 136 136 158 151 Shots Fired 734 | 113 68 40 240 2 16 58 197 Gun 497 | 14 68 37 188 . . 27 163 Cannon 120 | . . . 37 2 16 31 34 Launcher 18 | . . 3 15 . . . . Special 99 | 99 . . . . . . . Kinetic 34 | . . 3 13 . . . 18 Thermal 667 | 99 68 37 212 2 16 58 175 Explosive . | . . . . . . . . Electromagnetic 33 | 14 . . 15 . . . 4 Robot Hit Streak 30 | 5 13 8 27 7 10 10 30 Robot Miss Streak 5 | 2 2 2 5 . 1 2 4 Penetration Max . | . . . . . . . . Secondary Targets 5 | . 1 1 2 . . . 1 Max Gunslinging Chain 1 | . 1 1 1 . . . 1 Shots Hit Robots 483 | 7 53 28 170 2 12 47 164 Core Hits 201 | 6 22 8 73 1 7 23 61 Critical Kills 2 | . . . . . . 2 . Critical Parts Destroyed . | . . . . . . . . Critical Strikes 30 | . 1 1 13 . . 5 10 Burn 28 | . 1 1 13 . . 3 10 Meltdown 2 | . . . . . . 2 . Melee Attacks . | . . . . . . . . Impact . | . . . . . . . . Slashing . | . . . . . . . . Piercing . | . . . . . . . . Sneak Attacks . | . . . . . . . . Combat Hostiles . | . . . . . . . . Follow-up Attacks . | . . . . . . . . Damage Inflicted 10890 | 90 886 332 3696 41 268 1456 4121 Guns 6785 | 90 886 332 1884 . . 408 3185 Cannons 2394 | . . . 613 41 268 788 684 Explosions 1709 | . . . 1197 . . 260 252 Melee . | . . . . . . . . Ramming 2 | . . . 2 . . . . Kinetic 520 | . . . 213 . . . 307 Thermal 9036 | . 886 332 2362 41 268 1456 3691 Explosive . | . . . . . . . . Electromagnetic 1332 | 90 . . 1119 . . . 123 Impact . | . . . . . . . . Slashing . | . . . . . . . . Piercing . | . . . . . . . . Highest Corruption 11 | . . . 1 . . . 11 Average Corruption 5 | . . . 1 . . . 6 Corruption Purged . | . . . . . . . . Corruption Blocked . | . . . . . . . . Effects 33 | . . . 1 . . . 32 Message Errors 9 | . . . . . . . 9 Matter Fused 11 | . . . 1 . . . 10 Heat Flow Errors 3 | . . . . . . . 3 Energy Discharges 3 | . . . . . . . 3 Data Loss (minor) 3 | . . . . . . . 3 Data Loss (major) 1 | . . . . . . . 1 Misfires 1 | . . . . . . . 1 Alerts 2 | . . . . . . . 2 Overload Shots . | . . . . . . . . Overflow Damage 246 | . . . 91 . . 135 20 Projectiles 48 | . . . 27 . . 18 3 Explosions 198 | . . . 64 . . 117 17 Melee . | . . . . . . . . Knockbacks 1 | . . . 1 . . . . Impact . | . . . . . . . . Kinetic 1 | . . . 1 . . . . Secondary . | . . . . . . . . Self-Inflicted Damage 185 | . . . 185 . . . . Shots 6 | . . . 6 . . . . Rammed 1 | . . . 1 . . . . Targets Rammed 1 | . . . 1 . . . . Kicked . | . . . . . . . . Crushed . | . . . . . . . . Highest Temperature 433 | 140 175 . 339 . . 6 433 Average Temperature 63 | 45 57 . 99 . . 3 109 Received Heat Transfer 2152 | . 222 54 927 . 84 153 712 Siege Activations . | . . . . . . . . Robots Corrupted 2 | . . . 2 . . . . Combat Hostiles 2 | . . . 2 . . . . Parts Fried 9 | . . . 6 . . . 3 Impact Corruptions . | . . . . . . . . Robots Melted 5 | . . . 1 . . 2 2 Combat Hostiles 4 | . . . . . . 2 2 Parts Melted 44 | . 2 1 16 . . 14 11 Heat Transferred 19225 | . 2000 808 6042 74 481 2547 7273 Parts Sabotaged . | . . . . . . . . Parts Stolen . | . . . . . . . . Parts Stripped . | . . . . . . . . Power Chain Reactions 2 | . . . 2 . . . . Alert | -11 -10 -10 -8 -7 -7 -6 -5 ------- Run | Yrd Mat Sub Mat Fac DSF Fac Fac Peak Influence 714 | 20 265 . 714 291 223 294 240 Initial 279 | . . . . 279 203 111 84 Average 67 | 1 126 . 260 281 212 121 70 Maximum Alert Level 3 | . 1 . 3 1 1 1 1 Low Security (%) 87 | 100 84 . 37 . 1 88 94 Level 1 10 | . 15 . 42 100 98 11 5 Level 2 1 | . . . 17 . . . . Level 3 . | . . . 1 . . . . Level 4 . | . . . . . . . . Level 5 . | . . . . . . . . High Security . | . . . . . . . . Max Security . | . . . . . . . . Squads Dispatched 28 | . 7 . 13 . 1 3 4 Investigation 11 | . 5 . 5 . . 1 . Extermination 3 | . . . . . . 1 2 Reinforcement 9 | . 2 . 3 . 1 1 2 Assault 1 | . . . 1 . . . . Garrison 4 | . . . 4 . . . . Intercept . | . . . . . . . . Searches Triggered . | . . . . . . . . Construction Impeded . | . . . . . . . . Haulers Reinforced 1 | . . . . . . . 1 Active Scanning Responses . | . . . . . . . . Cargo Convoy Interrupts 1 | . . . . . . . 1 Stealth | -11 -10 -10 -8 -7 -7 -6 -5 --------- Run | Yrd Mat Sub Mat Fac DSF Fac Fac Distress Signals 3 | . . . 3 . . . . Communications Jammed . | . . . . . . . . Distress Signals . | . . . . . . . . Times Spotted 119 | 2 21 3 50 . 4 11 28 Peak Tracking Total 6 | 2 5 2 6 . 3 3 5 Tactical Retreats 8 | . . . 5 . 1 . 2 Traps | -11 -10 -10 -8 -7 -7 -6 -5 ------- Run | Yrd Mat Sub Mat Fac DSF Fac Fac Traps Triggered 3 | . 2 . 1 . . . . Indirectly . | . . . . . . . . Trap Hack Attempts . | . . . . . . . . Triggered . | . . . . . . . . Disarmed . | . . . . . . . . Reprogrammed . | . . . . . . . . Reused . | . . . . . . . . Traps Extracted . | . . . . . . . . Installed . | . . . . . . . . Triggered 3 | . . 3 . . . . . Machines | -11 -10 -10 -8 -7 -7 -6 -5 ---------- Run | Yrd Mat Sub Mat Fac DSF Fac Fac Machines Disabled 17 | . . . 5 . . 6 6 Max in Single Turn 6 | . . . 1 . . 6 6 Machines Repaired . | . . . . . . . . Machines Dismantled . | . . . . . . . . Machines Sabotaged . | . . . . . . . . Overloaded Fab Kills . | . . . . . . . . Hacking | -11 -10 -10 -8 -7 -7 -6 -5 --------- Run | Yrd Mat Sub Mat Fac DSF Fac Fac Machines Accessed 21 | . 5 . 6 1 . 5 4 Terminals 14 | . 3 . 4 1 . 3 3 Fabricators . | . . . . . . . . Repair Stations 2 | . . . 1 . . . 1 Recycling Units 3 | . 2 . . . . 1 . Scanalyzers . | . . . . . . . . Garrison Access 2 | . . . 1 . . 1 . Total Hacks 46 | . 15 . 14 2 . 8 7 Successful 20 | . 9 . 6 1 . . 4 Failed 26 | . 6 . 8 1 . 8 3 Catastrophic 8 | . 1 . 1 . . 4 2 Database Lockouts . | . . . . . . . . Manual 25 | . 9 . 10 . . 5 1 Terminals 31 | . 8 . 12 2 . 4 5 Fabricators . | . . . . . . . . Repair Stations 3 | . . . 1 . . . 2 Recycling Units 9 | . 7 . . . . 2 . Scanalyzers . | . . . . . . . . Garrison Access 3 | . . . 1 . . 2 . Terminal Hacks 6 | . 2 . 1 1 . . 2 Record 1 | . 1 . . . . . . Robot Analysis 1 | . 1 . . . . . . Open DSF 2 | . . . . 1 . . 1 Fabricator Index 1 | . . . . . . . 1 Alert Level 1 | . . . 1 . . . . Fabricator Hacks . | . . . . . . . . Repair Station Hacks 2 | . . . . . . . 2 Scan Component 1 | . . . . . . . 1 Repair 1 | . . . . . . . 1 Recycling Unit Hacks 4 | . 4 . . . . . . Report Inventory 2 | . 2 . . . . . . Retrieve Components 2 | . 2 . . . . . . Scanalyzer . | . . . . . . . . Garrison Access Hacks . | . . . . . . . . Unauthorized Hacks 8 | . 3 . 5 . . . . Terminals 4 | . 1 . 3 . . . . Botnet 3 | . 1 . 2 . . . . Operators 1 | . . . 1 . . . . Fabricators . | . . . . . . . . Repair Stations 1 | . . . 1 . . . . Patch 1 | . . . 1 . . . . Recycling Units 2 | . 2 . . . . . . Monitor 1 | . 1 . . . . . . Mask 1 | . 1 . . . . . . Scanalyzers . | . . . . . . . . Garrison Access 1 | . . . 1 . . . . Watchers 1 | . . . 1 . . . . Data Cores Recovered 1 | . . . . . . 1 . Used . | . . . . . . . . Hacking Detections 15 | . 5 . 3 . . 4 3 Full Trace Events 7 | . 3 . 3 . . 1 . Feedback Events . | . . . . . . . . Feedback Blocked . | . . . . . . . . Robot Schematics Acquired . | . . . . . . . . Robots Built . | . . . . . . . . Authchips . | . . . . . . . . Time . | . . . . . . . . Total Robot Build Rating . | . . . . . . . . Part Schematics Acquired . | . . . . . . . . Parts Built . | . . . . . . . . Authchips . | . . . . . . . . Time . | . . . . . . . . Total Part Build Rating . | . . . . . . . . Parts Repaired 1 | . . . . . . . 1 Time 19 | . . . . . . . 19 Parts Recycled . | . . . . . . . . Recycled Matter . | . . . . . . . . Retrieved Matter . | . . . . . . . . Retrieved Components 12 | . 12 . . . . . . Parts Scanalyzed . | . . . . . . . . Part Schematics Acquired . | . . . . . . . . Parts Damaged . | . . . . . . . . Bothacking | -11 -10 -10 -8 -7 -7 -6 -5 ------------ Run | Yrd Mat Sub Mat Fac DSF Fac Fac Used RIF Installer . | . . . . . . . . Robots Hacked . | . . . . . . . . Non-combat . | . . . . . . . . Combat . | . . . . . . . . Robot Hacks Applied . | . . . . . . . . Relay Couplers Released . | . . . . . . . . Fabnet Peak Effective % . | . . . . . . . . Robots Rewired . | . . . . . . . . Allies Hacked . | . . . . . . . . Hacks Repelled . | . . . . . . . . Allies | -11 -10 -10 -8 -7 -7 -6 -5 -------- Run | Yrd Mat Sub Mat Fac DSF Fac Fac Total Allies . | . . . . . . . . Largest Group . | . . . . . . . . Highest-Rated Group . | . . . . . . . . Highest-Rated Ally . | . . . . . . . . Total Orders . | . . . . . . . . Ally Attacks . | . . . . . . . . Total Damage . | . . . . . . . . Kills . | . . . . . . . . Allies Corrupted . | . . . . . . . . Allies Melted . | . . . . . . . . Intel | -11 -10 -10 -8 -7 -7 -6 -5 ------- Run | Yrd Mat Sub Mat Fac DSF Fac Fac Robot Analysis Total 1 | . 1 . . . . . . Derelict Logs Recovered 1 | . . 1 . . . . . Drone Launches . | . . . . . . . . Drone Recoveries . | . . . . . . . . Exploration | -11 -10 -10 -8 -7 -7 -6 -5 ------------- Run | Yrd Mat Sub Mat Fac DSF Fac Fac Turns Passed 12592 | 6244 1159 1200 1266 111 151 879 1582 Spaces Moved 4678 | 2314 378 580 339 60 66 437 504 Core 14 | 13 . . . . . . 1 Treads 2030 | . 280 580 339 60 66 437 268 Legs 2399 | 2301 98 . . . . . . Wheels 93 | . . . . . . . 93 Hover 142 | . . . . . . . 142 Flight . | . . . . . . . . Fastest Speed 50 | 50 120 160 160 164 164 163 145 Average Speed 146 | 119 149 160 162 164 164 163 219 Slowest Speed 950 | 200 190 160 240 165 165 164 950 Overloaded Moves . | . . . . . . . . Propulsion Burnouts . | . . . . . . . . Robots Hopped . | . . . . . . . . Cave-ins Triggered . | . . . . . . . . Exploration Rate (%) 41 | 117 55 24 42 3 57 17 15 Regions Visited 7 Branch Regions 1 Pre-discovered Areas 1 | . . 1 . . . . . Known Exits Taken 1 | . . . . 1 . . . Unknown Exits Taken 5 | 1 1 1 1 . . 1 . Scrap Searched 3 | . . 3 . . . . . Spaces Dug 9 | 9 . . . . . . . Terrain Destroyed 157 | 18 . 47 46 . . 21 25 Melee . | . . . . . . . . Projectile 36 | 18 . . 9 . . 2 7 AOE 121 | . . 47 37 . . 19 18 Terrain Rammed . | . . . . . . . . Walls Destroyed . | . . . . . . . . Machines Disabled . | . . . . . . . . Actions | -11 -10 -10 -8 -7 -7 -6 -5 --------- Run | Yrd Mat Sub Mat Fac DSF Fac Fac Total 9504 | 5475 909 814 815 71 92 550 778 Wait 4112 | 3015 426 203 278 2 5 56 127 Move 4671 | 2313 377 579 338 59 65 436 504 Hop . | . . . . . . . . Pick Up 91 | 15 17 3 28 5 2 9 12 Fast Attach 20 | 6 1 . 3 . 4 2 4 Attach 59 | 8 3 2 19 2 2 4 19 Detach 3 | 3 . . . . . . . Swap 33 | 2 10 3 11 . 3 3 1 Drop 54 | 6 15 3 12 2 3 11 2 Fire 460 | 107 60 21 125 1 8 29 109 Melee . | . . . . . . . . Ram . | . . . . . . . . Kick . | . . . . . . . . Crush 1 | . . . 1 . . . . Escape Stasis . | . . . . . . . . Rewire . | . . . . . . . . Trap . | . . . . . . . . Miscellaneous . | . . . . . . . . Route ------- -11/Scrapyard -10/Materials (discovered 3 exits: [*Mat] / [*Min] / [*Sub]) -10/Subcaves -8/Materials -7/Factory -7/DSF -6/Factory -5/Factory History --------- Turn | Location | Event 7 | -11/Scrapyard | Discovered new exit (range 15) 694 | -11/Scrapyard | Assembled infested the area 802 | -11/Scrapyard | Lost 4 parts (4w) 6245 | -11/Scrapyard | Entered Materials 6248 | -10/Materials | Build established: Mutant 6628 | -10/Materials | Discovered new exit (range 6) 6639 | -10/Materials | Core integrity fell below 50% 6998 | -10/Materials | Discovered new exit (range 13) 7381 | -10/Materials | Build established: Scavenger-Mutant 7381 | -10/Materials | Discovered new exit (range 6) 7404 | -10/Materials | Entered Subcaves 8089 | -10/Subcaves | Core integrity fell below 20% 8195 | -10/Subcaves | Shifting Twisted Machinery released Battle Rifle 8197 | -10/Subcaves | Learned location of Zion (-7) 8394 | -10/Subcaves | Build established: Mutant 8598 | -10/Subcaves | Discovered new exit (range 4) 8604 | -10/Subcaves | Entered Materials 8604 | -8/Materials | Evolved 4 slots: Propulsion x2, Utility x2 8670 | -8/Materials | Garrison activated, responded to threat 8744 | -8/Materials | Lost 3 parts (2n1u) 8915 | -8/Materials | Build established: Scavenger-Mutant 9174 | -8/Materials | Garrison activated, responded to threat 9736 | -8/Materials | Core integrity fell below 50% 9799 | -8/Materials | Discovered new exit (range 10) 9804 | -8/Materials | First assault squad dispatched 9870 | -8/Materials | Entered Factory 9870 | -7/Factory | Evolved 2 slots: Propulsion x1, Utility x1 9979 | -7/Factory | Identified exit to DSF 9981 | -7/Factory | Entered DSF 10040 | -7/DSF | Additional patrols routed to DSF 10103 | -7/DSF | Discovered new exit (range 11) 10126 | -7/DSF | Lost 3 parts (3u) 10132 | -7/DSF | Entered Factory 10132 | -6/Factory | Evolved 2 slots: Propulsion x1, Utility x1 10836 | -6/Factory | Build established: Mutant 10922 | -6/Factory | Discovered new exit (range 16) 11011 | -6/Factory | Entered another Factory area 11011 | -5/Factory | Evolved 2 slots: Power x1, Utility x1 11310 | -5/Factory | Build established: Scavenger-Mutant 11348 | -5/Factory | Repaired Arm. Treads 11616 | -5/Factory | Cargo convoy interrupted 11690 | -5/Factory | Lost 11 parts (2p4n3u2w) 11918 | -5/Factory | Lost 4 parts (1p1n1u1w) 11932 | -5/Factory | Build established: Mutant 11938 | -5/Factory | Core integrity fell below 50% 12233 | -5/Factory | Build established: Scavenger-Mutant 12469 | -5/Factory | Spotted B-75 Beast 12527 | -5/Factory | Core integrity fell below 20% 12563 | -5/Factory | Destroyed B-75 Beast 12583 | -5/Factory | System corruption reached 10% 12593 | -5/Factory | Destroyed by P-70 Sage with Tesla Rifle Last Messages --------------- U-05 Engineer lays Concrete. P-70 Sage suffers critical hit (Burn). U-05 Engineer lays Concrete. K-01 Serf collects debris. U-05 Engineer lays Concrete. K-01 Serf collects debris. Fusion Reactor destroyed. U-05 Engineer lays Concrete. K-01 Serf collects debris. U-05 Engineer lays Concrete. System corrupted: Heat flow error (+290). U-05 Engineer lays Concrete. K-01 Serf collects debris. U-05 Engineer lays Concrete. Hvy. Laser destroyed. U-05 Engineer lays Concrete. P-70 Sage resets K-01 Serf, system corruption cleaned. U-05 Engineer lays Concrete. Particle Gun destroyed. Map ----- +----------------------------------------------------+ | ?????????????????????????????????????????????????? | | ?????????????????????????????????????????????????? | | ?????????????????????????????????????????????????? | | ?????????????????????????????????????????????????? | | ?????????????????????????????????????????????????? | | ?????????????????????????????????????????????????? | | ?????????????????????????????????????????????????? | | ?????????????????????????????????????????????????? | | ?????????????????????????????????????????????????? | | ?????????????????????????????????????????????????? | | ?????????????????????????????????????????????????? | | ?????????????????????????????????????????????????? | | ?????????????????????????????????????????????????? | | ?????????????????????????????????????????????????? | | ????????????????????????????????""???????????????? | | ????????????????????????????????""?? """?"""????? | | ????????????????????????????????"T? """?"""????? | | ????????????????????????????????"" """?"""????? | | ??????????"""?"""???????????????"" ??????????? | | ??????????"""?""" ????????????? ""?"""????? | | ??????????"""?""" #######+#??? ""?"""????? | | ?????????????????? + [ #?? || "?"""????? | | ????????""????"""??# ^ ### || u ????????? | | ????????""????""" # " p || ?"""????" | | ????????"T????""" + p k ?"""????" | | ????????""?????????# "" @ u ?"""????" | | ????????""???? # % ???????" | | ????????????? # R^ k ???????" | | ?????????????##????#! #######;;; ;#????????" | | ################???# " !#????????? ;?????????? | | """""" #???#^ "" #?????????????????????? | | ""Y""" !#???# k""" #?????????????????????? | | ! #???#m "" #?????????????????????? | | """"""""" #???# "" #?????????????????????? | | #???# #?????????????????????? | | """"""""" ##### ######????????????????? | | + ?????????? | | ####+#+####+#+###################????????????????? | | # #?# ]] #?????????????????????????? | | # #?#! ]] #?????????????????????????? | | # #?# #?????????????????????????? | | + """ #?# #?????????????????????????? | | # """"" #?# #?????????????????????????? | | # """"" #?# ""#?????????????????????????? | | # ### ""#?????????????????????????? | | # """ # ""#?????????????????????????? | | # """"" # T#?????????????????????????? | | #### """"" # ""#??? ???????????????????? | | + ""#?"?" "?"?"???????????????? | | """ # ""#?" " " "?"???????????????? | +----------------------------------------------------+ Best States ------------- Heat Dissipation 75 Energy Generation 32 Energy Capacity 525 Matter Stores 300 Matter Capacity 300 Sight Range 16 Terrain Scan Range 16 Terrain Scan Density 10 Armor Coverage 900 Power Shielding 33 Evasion (%) 55 Targeting Accuracy 12 Target Analysis 6 Recoil Reduction 6 Particle Charging 25 Authchip Count 4 Item Schematics ----------------- None Robot Schematics ------------------ None Fabricated ------------ Nothing Alien Tech Used ----------------- None Achievements -------------- None Challenges ------------ None Game ------ Seed HoverLaserSource Manual? 0 Play Time 01:01:37 Cumulative 52.0 hours Start 2024.10.14 @ 18:40:33 End 2024.10.14 @ 19:48:05 Sessions 1 Manual Loads 0 Difficulty Rogue Special Mode None Game No. 71 Rogue 71 Adventurer 0 Explorer 0 Win Type - Total 1 Types 1/0/0/0/0/0/0/0/0 Lore% 37 Gallery% 43 Achievement% 40 Wizard Run 0 Options --------- Layout 1 ASCII 0 Keyboard 0 Movement Mouse Keybinds 0 Fullscreen 1 Font 32/SmallcapsGlow Map View 50x35 Zoom Use 0% Tactical HUD 0 Map Filters NONE Filters NONE Steam 1 RUN: f8c35fb3-0a29-4c98-864c-eefa35ea67ea